Map: Snowy Mesa

Players

ANAKIN

  • Race: Zerg Zerg

HHH

  • Race: Protoss Protoss

Goose - Winner!

  • Race: Protoss Protoss

Tenonee - Winner!

  • Race: Zerg Zerg

VOD

Have the link to the VOD?

Description

Time

  • Played on: July 18, 2016, 6:38 a.m.
  • Length: 8:45
Show
View Real Time Build Order
Export as new Build Order

ANAKIN Zerg 

Build Orders: Hatch First 

Get SALT Encoding   

  12  0:01  Drone  
  13  0:08  Drone  
  14  0:20  Extractor  
  13  0:22  Extractor  
  13  0:23  Drone x2  
  13  0:26  Overlord  
  16  0:46  Drone x2  
  18  0:57  Hatchery  
  18  0:58  Drone  
  18  1:12  Spawning Pool  
  18  1:15  Drone  
  18  1:19  Extractor, Drone  
  18  1:29  Drone  
  19  1:38  Drone  
  20  1:49  Overlord  
  20  1:59  Queen  
  22  2:09  Queen  
  22  2:12  Drone  
  25  2:16  Roach Warren  
  25  2:17  Drone x2, Extractor  
  25  2:20  Metabolic Boost  
  25  2:23  Drone  
  26  2:30  Drone  
  26  2:32  Drone  
  28  2:38  Drone  
  29  2:49  Drone  
  30  2:55  Spore Crawler  
  30  2:56  Lair  
  30  2:58  Roach  
  31  3:00  Drone  
  32  3:09  Roach x2  
  36  3:16  Overlord  
  36  3:22  Spore Crawler  
  35  3:32  Overlord  
  35  3:34  Drone  
  36  3:48  Roach x3  
  42  3:50  Drone x5  
  47  3:59  Drone x4  
  47  4:02  Glial Reconstitution  
  51  4:19  Drone  
  52  4:27  Extractor  
  52  4:29  Extractor  
  52  4:31  Drone x2  
  51  4:33  Overlord  
  51  4:34  Overlord  
  51  4:35  Overlord  
  52  4:39  Spire  
  52  4:41  Drone  
  52  4:54  Drone x3  
  52  4:58  Zergling x10  
  60  5:02  Drone x3  
  63  5:14  Queen x2  
  63  5:20  Zergling x8  
  71  5:26  Zergling x6  
  71  5:27  Zergling x2  
  74  5:36  Zergling x2  
  74  5:37  Zergling x2  
  76  5:49  Zergling x2  
  75  5:50  Zergling x2  
  75  6:00  Overlord x3  
  75  6:16  Overlord x2  
  75  6:17  Overlord  
  75  6:20  Hatchery  
  72  6:29  Mutalisk x4  
  72  6:30  Mutalisk x4  
  88  6:39  Zerg Flyer Weapons Level 1  
  88  6:51  Drone x2  
  88  6:52  Mutalisk  
  88  6:53  Mutalisk  
  87  7:10  Mutalisk x3  
  87  7:11  Mutalisk  
  95  7:27  Zergling x10  
  95  7:28  Zergling x2  
  101  7:32  Queen  
  101  7:33  Drone  
  104  7:41  Roach x2  
  104  7:42  Roach x2  
  90  7:55  Roach x6  
  94  8:04  Zergling x2  
  94  8:05  Zergling x6  
  82  8:13  Zergling x6  
  79  8:24  Roach x3  
Show
View Real Time Build Order
Export as new Build Order

HHH Protoss 

Build Orders:  

Get SALT Encoding   

  12  0:01  Probe (Chrono Boost)  
  13  0:15  Pylon  
  13  0:17  Probe (Chrono Boost)  
  14  0:28  Probe (Chrono Boost)  
  15  0:39  Forge  
  15  0:41  Probe (Chrono Boost)  
  16  0:52  Probe (Chrono Boost)  
  17  1:06  Pylon  
  17  1:09  Pylon  
  17  1:24  Pylon  
  17  1:29  Photon Cannon  
  18  1:32  Probe (Chrono Boost)  
  18  1:48  Pylon  
  18  1:52  Pylon  
  18  1:56  Probe (Chrono Boost)  
  18  2:01  Pylon  
  19  2:07  Photon Cannon  
  19  2:10  Pylon  
  19  2:17  Photon Cannon  
  19  2:20  Pylon  
  19  2:32  Photon Cannon  
  19  2:34  Probe (Chrono Boost)  
  20  2:45  Probe (Chrono Boost)  
  20  2:47  Photon Cannon  
  20  2:50  Assimilator  
  21  3:02  Probe (Chrono Boost)  
  21  3:05  Assimilator  
  21  3:06  Pylon  
  21  3:13  Probe (Chrono Boost)  
  22  3:26  Gateway  
  22  3:27  Probe (Chrono Boost)  
  23  3:50  Probe (Chrono Boost)  
  22  4:00  Probe (Chrono Boost)  
  23  4:15  Cybernetics Core  
  23  4:22  Probe (Chrono Boost)  
  24  4:24  Nexus  
  24  4:27  Pylon  
  24  4:33  Probe (Chrono Boost), Pylon  
  25  4:50  Photon Cannon  
  25  4:52  Photon Cannon  
  25  4:54  Photon Cannon  
  25  4:59  Mothership Core (Chrono Boost)  
  27  5:04  Stargate  
  27  5:10  Stargate  
  23  5:43  Assimilator  
  23  5:45  Assimilator  
  23  6:02  Probe (Chrono Boost)  
  24  6:09  Protoss Air Weapons Level 1  
  24  6:19  Pylon  
  24  6:43  Stargate  
  24  6:45  Stargate  
  24  6:57  Nexus  
  24  7:07  Stargate  
  24  7:29  Mothership Core (Chrono Boost)  
  26  7:38  Phoenix  
Show
View Real Time Build Order
Export as new Build Order

Goose Protoss - Winner!

Build Orders: Blink Stalkers 

Get SALT Encoding   

  12  0:01  Probe (Chrono Boost)  
  13  0:11  Probe (Chrono Boost)  
  14  0:21  Pylon  
  14  0:25  Probe (Chrono Boost)  
  15  0:39  Probe (Chrono Boost), Gateway  
  16  0:49  Probe (Chrono Boost)  
  17  1:00  Probe (Chrono Boost)  
  17  1:02  Assimilator  
  18  1:04  Assimilator  
  18  1:10  Probe (Chrono Boost)  
  19  1:14  Pylon  
  19  1:21  Probe (Chrono Boost)  
  20  1:31  Probe (Chrono Boost)  
  21  1:34  Cybernetics Core  
  21  1:41  Zealot  
  23  1:51  Gateway  
  23  1:52  Gateway  
  23  1:55  Probe (Chrono Boost)  
  24  2:05  Probe (Chrono Boost)  
  25  2:25  Stalker  
  25  2:26  Warp Gate  
  27  2:30  Probe (Chrono Boost)  
  27  2:31  Twilight Council  
  28  2:41  Probe (Chrono Boost)  
  29  2:47  Stalker  
  31  2:52  Pylon  
  31  3:00  Blink  
  31  3:06  Pylon  
  31  3:09  Stalker x2  
  35  3:26  Stalker  
  39  3:43  Mothership Core (Chrono Boost)  
  39  4:26  Nexus  
  39  4:28  Stalker x3, Pylon  
  45  4:37  Pylon  
  45  4:39  Pylon  
  45  4:51  Stalker  
  45  4:52  Stalker  
  49  4:54  Stalker  
  51  5:04  Forge  
  51  5:27  Stalker x3  
  45  5:54  Stalker x3  
  51  6:00  Probe (Chrono Boost)  
  51  6:03  Probe (Chrono Boost)  
  54  6:12  Probe (Chrono Boost)  
  54  6:24  Probe (Chrono Boost)  
  55  6:29  Stalker x2  
  55  6:30  Stalker  
  55  6:31  Probe (Chrono Boost)  
  62  6:36  Probe (Chrono Boost)  
  63  6:42  Probe (Chrono Boost)  
  65  6:48  Probe (Chrono Boost)  
  65  7:21  Probe (Chrono Boost)  
  66  7:23  Photon Cannon  
  66  7:24  Stalker x3, Assimilator  
  66  7:27  Probe (Chrono Boost), Photon Cannon  
  66  7:29  Assimilator  
  73  7:31  Probe (Chrono Boost)  
  74  7:39  Probe (Chrono Boost)  
  74  7:42  Probe (Chrono Boost)  
  66  8:08  Stalker x3  
Show
View Real Time Build Order
Export as new Build Order

Tenonee Zerg - Winner!

Build Orders: Hatch First 

Get SALT Encoding   

  12  0:01  Drone  
  13  0:08  Drone  
  14  0:44  Hatchery  
  14  0:46  Extractor  
  12  0:52  Spawning Pool  
  11  0:58  Drone  
  12  1:05  Drone  
  12  1:10  Overlord  
  14  1:49  Hatchery  
  14  1:50  Metabolic Boost  
  13  1:58  Zergling x6  
  16  2:25  Queen  
  18  2:41  Drone  
  18  2:42  Drone x2  
  21  3:02  Drone, Queen  
  24  3:07  Roach Warren  
  24  3:08  Spore Crawler  
  24  3:09  Drone x2  
  24  3:23  Drone  
  24  3:24  Drone x2  
  27  3:33  Drone  
  28  3:45  Overlord x2  
  27  4:00  Drone  
  28  4:06  Drone  
  28  4:07  Drone x2  
  30  4:16  Lair  
  30  4:19  Drone  
  30  4:20  Drone x5  
  35  4:27  Drone x2  
  37  4:32  Queen  
  37  4:34  Overlord  
  39  4:43  Roach  
  41  4:53  Drone x4  
  41  4:54  Drone x4  
  49  5:02  Overlord  
  49  5:13  Glial Reconstitution  
  49  5:18  Drone, Extractor  
  49  5:24  Extractor x2  
  49  5:25  Roach x2  
  51  5:31  Spore Crawler  
  51  5:32  Drone x4  
  54  5:51  Roach  
  54  5:52  Roach x2  
  60  6:09  Overlord x4  
  60  6:31  Roach x10  
  80  6:41  Drone x2  
  80  6:42  Drone x2  
  84  6:57  Hatchery  
  83  7:05  Evolution Chamber x2  
  81  7:12  Roach  
  81  7:13  Roach x4  
  91  7:16  Zergling x2  
  91  7:18  Overlord  
  91  7:19  Overlord x2  
  92  7:43  Zergling x2  
  89  7:44  Zergling x12  
  89  7:45  Zergling x2  
  82  7:57  Roach x4  
  74  8:17  Roach x7  
  86  8:28  Ravager x2  
Tags
 
Add a new tag
Caveats
  • Supply blocks, unpowered buildings, or Contaminate may cause inaccurate times.
  • Supply counts are checked every 10 seconds.